 Dungeon Crawl Stone Soup version 0.20.0-8-g6b59dc7 (webtiles) character file.

88 Kosschaser the Cudgeler (level 4, 0/27 HPs)
             Began as a Gargoyle Skald on May 30, 2017.
             Slain by Crazy Yiuf
             ... wielding a +4 quarterstaff of chaos
              (4 damage)
             ... on level 3 of the Dungeon.
             The game lasted 00:04:20 (3141 turns).

Kosschaser the Cudgeler (Gargoyle Skald)            Turns: 3141, Time: 00:04:21

Health: 0/27       AC:  8    Str: 15    XL:     4   Next: 54%
Magic:  7/7        EV: 12    Int: 13    God:
Gold:   149        SH:  0    Dex: 10    Spells: 6/7 levels left

rFire    . . .     SeeInvis .   a - +0 mace
rCold    . . .     Gourm    .   (no shield)
rNeg     + . .     Faith    .   b - +0 leather armour
rPois    ∞         Spirit   .   t - +0 helmet
rElec    +         Reflect  .   (no cloak)
rCorr    .         Harm     .   (no gloves)
MR       .....                  (no boots)
Stlth    +.........             (no amulet)
Regen    0.1/turn               (no ring)
MPRegen  0.1/turn               (no ring)

@: no status effects
A: negative energy resistance 1, electricity resistance, unbreathing,
petrification resistance, rot immunity, AC +3
a: no special abilities


You were on level 3 of the Dungeon.
You were not hungry.

You visited 1 branch of the dungeon, and saw 3 of its levels.

You collected 149 gold pieces.

Inventory:

Hand Weapons
 a - a +0 mace (weapon)
Armour
 b - a +0 leather armour (worn)
 t - a +0 helmet (worn)
Jewellery
 k - an uncursed amulet of rage {unknown}
 l - an uncursed amulet of rage {unknown}
 o - an uncursed ring of protection from magic {unknown}
Scrolls
 e - 2 scrolls of enchant weapon {unknown}
 f - a scroll of recharging {unknown}
 i - 4 scrolls of identify {unknown}
 m - a scroll of noise {unknown}
 n - a scroll of blinking {unknown}
Potions
 h - 6 potions of curing {unknown}
 p - 2 potions of mutation {unknown}
 q - a potion of lignification {unknown}
 r - a potion of magic {unknown}
Books
 c - a book of Battle

   Spells                             Type                      Level
   a - Infusion                       Charms                       1
   b - Shroud of Golubria             Charms/Translocation         2
   c - Song of Slaying                Charms                       2
   d - Spectral Weapon                Hexes/Charms                 3
   e - Regeneration                   Charms/Necromancy            3
Comestibles
 d - 4 bread rations
 g - a fruit
 j - 2 meat rations
 s - a royal jelly
 u - a chunk of flesh


   Skills:
 + Level 2.3 Fighting
 + Level 3.2 Maces & Flails
 + Level 2.3 Armour
 + Level 2.0 Dodging
 + Level 2.1 Spellcasting
 + Level 3.1 Charms


You had 6 spell levels left.
You knew the following spells:

 Your Spells              Type           Power        Failure   Level  Hunger
a - Infusion              Chrm           #...         9%          1    ##.....


Dungeon Overview and Level Annotations

Branches:
Dungeon (3/15)

Altars:
Elyvilon
Fedhas
Kikubaaqudgha
Makhleb
Sif Muna
The Shining One

Annotations:
D:3 Crazy Yiuf


Innate Abilities, Weirdness & Mutations

You are resistant to torment.
Your stone body is resilient. (AC +3)
You are immune to poison.
You resist negative energy. (rN+)
You are resistant to electric shocks. (rElec)
You can survive without breathing.
You are immune to petrification.
You are immune to rotting.


Message History

Found a stone staircase leading up.
Found a runed door.
You open the door.
Crazy Yiuf the Enlightened comes into view.
He is wielding a quarterstaff of chaos.
Crazy Yiuf shouts!
Found a mace.
There is an open door here.
You hit Crazy Yiuf.
Crazy Yiuf is lightly wounded.
Crazy Yiuf hits you with a quarterstaff of chaos!
Crazy Yiuf burns you.
You hit Crazy Yiuf.
Crazy Yiuf is moderately wounded.
Crazy Yiuf hits you with a quarterstaff of chaos.
You hit Crazy Yiuf.
Crazy Yiuf is moderately wounded.
Crazy Yiuf hits you with a quarterstaff of chaos!
* * * LOW HITPOINT WARNING * * *
Crazy Yiuf freezes you.
You die...

#####.###
#.......####
...........#
#.##....####
#.......#
#####
#####.###
#..)# #.#
#...# #.#
#.g.#
#.###### #@#
#.##...#
♣♣.♣
#.##.###
♣.♣♣ #.##.#
♣♣.♣ #.##.#
♣.♣♣ #.##.#
♣♣.♣♣
#####.##.###
♣..P♣♣
...........#
♣....♣
###......###
#....#


You could see Crazy Yiuf.

Vanquished Creatures
  A killer bee zombie (D:3)
  2 adders
  A dart slug (D:2)
  A leopard gecko (D:1)
  2 giant cockroaches
  5 hobgoblins
  3 jackals (D:2)
  8 kobolds
  A quokka (D:3)
  A ball python (D:3)
  6 bats
  4 frilled lizards
  5 goblins
  7 rats
47 creatures vanquished.

Vanquished Creatures (others)
  A rat (D:2)
1 creature vanquished.

Grand Total: 48 creatures vanquished

Notes
Turn   | Place    | Note
-------+----------+-------------------------------------------
     0 | D:1      | Kosschaser the Gargoyle Skald began the quest for the Orb.
     0 | D:1      | Reached XP level 1. HP: 12/12 MP: 3/3
   385 | D:1      | Reached XP level 2. HP: 16/17 MP: 5/5
  1074 | D:2      | Found a burning altar of Makhleb.
  1112 | D:2      | Reached XP level 3. HP: 12/21 MP: 6/6
  1255 | D:2      | Found a white marble altar of Elyvilon.
  1779 | D:2      | Found an ancient bone altar of Kikubaaqudgha.
  1880 | D:2      | Found a blossoming altar of Fedhas.
  2327 | D:3      | Found a deep blue altar of Sif Muna.
  2454 | D:3      | Found a glowing golden altar of the Shining One.
  2713 | D:3      | Reached XP level 4. HP: 27/27 MP: 7/7
  3133 | D:3      | Found a runed door.
  3137 | D:3      | Noticed Crazy Yiuf
  3141 | D:3      | Slain by Crazy Yiuf

Skill      XL: |  1  2  3  4 |
---------------+-------------+-----
Charms         | 3 |  3.1
Armour         | 2 |  2.3
Maces & Flails | 3 |  3.2
Dodging        | 2 |  2.0
Fighting       | |  2.3
Spellcasting   | |  2.1

Action                   |  1- 3 |  4- 6 || total
-------------------------+-------+-------++-------
Melee: Mace              |   142 |    26 ||   168
 Stab: Sleeping          |     1 |       ||     1
  Eat: Chunk             |     6 |     1 ||     7
Armor: Leather armour    |    59 |    15 ||    74
Dodge: Dodged            |    98 |    21 ||   119
